 Dungeon Crawl Stone Soup version 0.20.0 (webtiles) character file.

2926 Danakh the Cleaver (level 9, -1/81 HPs)
             Began as a Minotaur Fighter on May 31, 2017.
             Was a Priest of the Shining One.
             Succumbed to Grum's poison
             ... on level 8 of the Dungeon.
             The game lasted 00:14:27 (5913 turns).

Danakh the Cleaver (Minotaur Fighter)               Turns: 5913, Time: 00:14:28

Health: -1/81      AC: 10    Str: 24    XL:     9   Next: 50%
Magic:  0/10       EV:  7    Int:  5    God:    the Shining One [***...]
Gold:   318        SH: 18    Dex: 10    Spells: 8/8 levels left

rFire    . . .     SeeInvis .   y - +1 war axe (venom)
rCold    + . .     Gourm    .   c - +0 shield
rNeg     + . .     Faith    .   l - +0 chain mail
rPois    .         Spirit   +   (helmet restricted)
rElec    .         Reflect  .   (no cloak)
rCorr    +         Harm     .   (no gloves)
MR       .....                  (no boots)
Stlth    ..........             P - amulet of guardian spirit
Regen    0.3/turn               i - ring of protection from cold
MPRegen  0.2/turn               M - ring of resist corrosion

@: lethally poisoned (-1 -> -23), divine shield, glowing
A: retaliatory headbutt, horns 2
a: Divine Shield, Renounce Religion


You were on level 8 of the Dungeon.
You worshipped the Shining One.
The Shining One was most pleased with you.
You were not hungry.

You visited 1 branch of the dungeon, and saw 8 of its levels.
You also visited: Ossuary.

You collected 318 gold pieces.

Inventory:

Hand Weapons
 a - a +0 war axe
 y - a +1 war axe of venom (weapon)
Armour
 c - a +0 shield (worn)
 l - a +0 chain mail (worn)
Jewellery
 i - a ring of protection from cold (left hand)
 m - an uncursed ring of see invisible
 p - an uncursed ring of protection from cold
 L - an uncursed ring of positive energy
 M - a ring of resist corrosion (right hand)
 P - an amulet of guardian spirit (around neck)
Wands
 t - a wand of confusion (7/48)
 v - a wand of lightning (3/15)
 O - a wand of flame (18/48)
 R - a wand of acid (4/15)
Scrolls
 e - 11 scrolls of teleportation {unknown}
 h - 7 scrolls of remove curse {unknown}
 k - 4 scrolls of identify {unknown}
 r - a scroll of noise {unknown}
 w - 2 scrolls of amnesia {unknown}
 F - a scroll of fog {unknown}
 H - a scroll of random uselessness {unknown}
 J - a scroll of enchant armour {unknown}
 K - 3 scrolls of magic mapping {unknown}
 N - a scroll of immolation {unknown}
 S - a scroll of recharging {unknown}
Potions
 b - 2 potions of brilliance {unknown}
 d - 2 potions of might
 g - 2 potions of degeneration {unknown}
 j - 5 potions of curing {unknown}
 s - 4 potions of lignification {unknown}
 u - a potion of flight {unknown}
 x - 4 potions of cancellation {unknown}
 z - 3 potions of invisibility {unknown}
 A - 3 potions of magic {unknown}
 B - 2 potions of heal wounds {unknown}
 C - a potion of resistance {unknown}
 D - a potion of ambrosia {unknown}
 E - 3 potions of berserk rage {unknown}
 I - a potion of mutation {unknown}
Books
 q - a book of Cantrips

   Spells                             Type                      Level
   a - Confusing Touch                Hexes                        1
   b - Animate Skeleton               Necromancy                   1
   c - Summon Small Mammal            Summoning                    1
   d - Apportation                    Translocation                1
Comestibles
 f - 9 bread rations
 n - 5 meat rations
 o - 5 royal jellies
 G - 2 fruits
 Q - 9 chunks of flesh


   Skills:
 + Level 7.9 Fighting
 * Level 9.7 Axes
 + Level 7.7 Armour
 + Level 7.7 Shields
 + Level 3.4 Invocations


You had 8 spell levels left.
You didn't know any spells.

Dungeon Overview and Level Annotations

Branches:
Dungeon (8/15)             Temple (0/1) D:7
   Lair: D:8-11

Altars:
Ashenzari
Cheibriados
Dithmenos
Gozag
Kikubaaqudgha
Okawaru
Ru
Vehumet
The Shining One

Shops:
D:4 **


Innate Abilities, Weirdness & Mutations

You reflexively headbutt those who attack you in melee.
You have a pair of horns on your head.


Message History

Grum is lightly wounded.
You feel sick. Grum hits you with a halberd of venom!
You are lethally poisoned!
You slash Grum!
Grum is poisoned.
Grum is moderately wounded.
You feel very sick. You block Grum's attack.
Your shield and chain mail prevent you from hitting Grum.
Grum is heavily wounded.
* * * LOW HITPOINT WARNING * * *
You feel sick. You block Grum's attack.
You hit Grum but do no damage.
Grum looks as sick as possible!
Grum is heavily wounded.
* * * LOW HITPOINT WARNING * * *
You feel very sick. Grum hits you with a halberd of venom!!
* * * LOW HITPOINT WARNING * * *
You slash Grum!
You kill Grum!
You die...

.#.##...................##.#.####
.#)#####.##..........#..##...#
##..# #.##..........#.....###
#.## #.##.......####.##### #..#
#...####........# #### #.##
#.#.###.## ..# #.#.....# #.#
#.####### ... #†@.# ###)# ...
..... ....[# .....# .......
#......


There were no monsters in sight!

Vanquished Creatures
  A hippogriff (D:8)
  A spriggan (D:8)
  Grum (D:8)
  A sky beast (D:7)
  An ice beast (D:5)
  2 wolves (D:8)
  3 ogres
  2 centaurs
  A big kobold (D:7)
  2 bullfrogs (D:8)
  3 water moccasin zombies (Ossuary)
  A scorpion (D:8)
  3 howler monkeys
  3 crimson imps
  A quasit (D:6)
  4 hounds
  2 jellies
  2 orc priests (D:7)
  A bullfrog skeleton (D:6)
  A centaur skeleton (D:4)
  An iguana (D:6)
  5 orc wizards
  Ijyb (D:3)
  6 worker ants
  A hound skeleton (D:4)
  2 mummies (Ossuary)
  6 adders
  10 gnolls (D:6)
  A howler monkey skeleton (D:7)
  A shadow imp (D:6)
  8 adder zombies (Ossuary)
  2 adder skeletons
  A worm (D:4)
  3 dart slugs
  3 leopard geckos
  31 orcs
  3 ball pythons
  12 bats
  A bat zombie (D:4)
  7 giant cockroaches
  4 gnoll zombies (Ossuary)
  10 goblins
  3 hobgoblins
  10 jackals
  3 quokkas
  7 frilled lizards
  A hobgoblin zombie (Ossuary)
  14 kobolds
  4 kobold zombies (Ossuary)
  A leopard gecko skeleton (D:4)
  2 orc zombies (Ossuary)
  2 quokka skeletons
  A quokka zombie (D:6)
  14 rats
  A rat zombie (D:4)
218 creatures vanquished.

Notes
Turn   | Place    | Note
-------+----------+-------------------------------------------
     0 | D:1      | Danakh the Minotaur Fighter began the quest for the Orb.
     0 | D:1      | Reached XP level 1. HP: 19/19 MP: 0/0
    82 | D:1      | Reached XP level 2. HP: 24/27 MP: 1/1
   472 | D:1      | Reached skill level 3 in Axes
   474 | D:1      | Reached XP level 3. HP: 31/33 MP: 2/2
  1191 | D:2      | Reached XP level 4. HP: 28/40 MP: 3/3
  1787 | D:3      | Found a snail-covered altar of Cheibriados.
  1857 | D:3      | Reached skill level 4 in Axes
  1860 | D:3      | Reached XP level 5. HP: 30/47 MP: 4/4
  2185 | D:3      | Noticed Ijyb
  2198 | D:3      | Killed Ijyb
  2620 | D:4      | Found an ancient bone altar of Kikubaaqudgha.
  2707 | D:4      | Reached skill level 5 in Armour
  2709 | D:4      | Reached skill level 5 in Fighting
  2709 | D:4      | HP: 2/48 [orc/trident (2)]
  3000 | D:4      | Reached skill level 5 in Axes
  3000 | D:4      | Reached XP level 6. HP: 51/56 MP: 5/5
  3034 | D:4      | Found Nienoom's General Store.
  3043 | D:4      | Found Watik's Assorted Antiques.
  3241 | D:4      | Found a glowing golden altar of the Shining One.
  3245 | D:4      | Became a worshipper of the Shining One
  3406 | D:4      | Found a sacrificial altar of Ru.
  3572 | D:5      | Entered Level 5 of the Dungeon
  3574 | D:5      | Reached skill level 5 in Shields
  3720 | D:5      | Noticed an ice beast
  3726 | D:5      | Killed an ice beast
  3726 | D:5      | Reached skill level 6 in Axes
  3726 | D:5      | Reached XP level 7. HP: 54/61 MP: 6/6
  3823 | D:5      | Found an iron altar of Okawaru.
  4395 | D:6      | Reached * piety under the Shining One
  4423 | D:6      | Reached skill level 7 in Axes
  4538 | D:6      | Found a sand-covered staircase.
  4542 | Ossuary  | Entered an ossuary
  4564 | Ossuary  | Reached XP level 8. HP: 60/71 MP: 7/7
  4583 | Ossuary  | Reached ** piety under the Shining One
  4654 | Ossuary  | Reached *** piety under the Shining One
  4725 | D:6      | Found a shadowy altar of Dithmenos.
  4883 | D:6      | Reached skill level 1 in Invocations
  4911 | D:6      | Reached skill level 8 in Axes
  5087 | D:7      | Found a shattered altar of Ashenzari.
  5118 | D:7      | Found a staircase to the Ecumenical Temple.
  5338 | D:7      | Found an opulent altar of Gozag.
  5711 | D:8      | Noticed a hippogriff
  5717 | D:8      | Killed a hippogriff
  5717 | D:8      | Reached skill level 9 in Axes
  5717 | D:8      | Reached XP level 9. HP: 77/79 MP: 7/9
  5778 | D:8      | Found a sacrificial altar of Ru.
  5804 | D:8      | Found a radiant altar of Vehumet.
  5899 | D:8      | Noticed Grum
  5912 | D:8      | HP: 1/81 [Grum/halberd of venom (19)]
  5913 | D:8      | Killed Grum
  5913 | D:8      | Succumbed to Grum's poison

Skill      XL: |  1  2  3  4  5  6  7  8  9 |
---------------+----------------------------+-----
Armour         | 4 5 6 7 |  7.7
Shields        | 4 5 7 |  7.7
Axes           | 3 4 5 6 7 9 |  9.7
Fighting       | 4 5 6 7 |  7.9
Invocations    | 2 3 |  3.4

Action                   |  1- 3 |  4- 6 |  7- 9 || total
-------------------------+-------+-------+-------++-------
Melee: War axe           |   116 |   173 |   228 ||   517
       Headbutt          |     9 |    38 |    43 ||    90
Invok: Divine Shield     |       |       |     1 ||     1
  Eat: Chunk             |     1 |     8 |     8 ||    17
Armor: Scale mail        |    31 |       |       ||    31
       Chain mail        |    42 |   111 |    94 ||   247
Dodge: Dodged            |    41 |    48 |    49 ||   138
Block: Shield            |    73 |   104 |   132 ||   309
